 Dungeon Crawl Stone Soup version 0.31-a0-486-g8d68a81214 (webtiles) character file.

Game seed: 9165063100059334956

676 CraigForest the Slasher (level 7, -6/60 HPs)
             Began as a Minotaur Gladiator on Aug 8, 2023.
             Mangled by an ogre
             ... wielding a +0 giant spiked club
              (21 damage)
             ... on level 4 of the Dungeon.
             The game lasted 00:06:18 (2678 turns).

CraigForest the Slasher (Minotaur Gladiator)        Turns: 2678, Time: 00:06:19

Health: -6/60      AC:  7    Str: 19    XL:     7   Next: 33%
Magic:  6/6        EV: 11    Int:  5    God:
Gold:   337        SH:  0    Dex: 13    Spells: 6/6 levels left

rFire   . . .        i - +0 long sword
rCold   . . .        (no shield)
rNeg    . . .        k - +0 scale mail
rPois   .            c - +0 hat
rElec   .            (no cloak)
rCorr   .            (no gloves)
SInv    .            (no boots)
Will    .....        (no amulet) Stlth
                     (no ring)
HPRegen 0.30/turn    (no ring)
MPRegen 0.10/turn

%: no passive effects
@: no status effects
A: horns 2, retaliatory headbutt
a: no special abilities


You were on level 4 of the Dungeon.
You visited 1 branch of the dungeon, and saw 4 of its levels.

You collected 337 gold pieces.

Inventory:

Hand Weapons
 a - a +0 long sword
 i - a +0 long sword (weapon)
 t - a +2 short sword of speed
Missiles
 d - 3 throwing nets (quivered)
 e - a javelin
 n - 4 poisoned darts
Armour
 b - a +0 leather armour
 c - a +0 hat (worn)
 k - a +0 scale mail (worn)
Jewellery
 l - an amulet of magic regeneration
 m - a ring of wizardry
Scrolls
 f - a scroll of fear {unknown}
 o - a scroll of fog {unknown}
 s - a scroll of identify {unknown}
Potions
 g - 3 potions of brilliance {unknown}
 h - a potion of attraction {unknown}
 j - a potion of heal wounds {unknown}
 p - a potion of degeneration {unknown}
 q - a potion of lignification {unknown}
 r - 3 potions of haste {unknown}


   Skills:
 + Level 4.6 Fighting
 + Level 7.3 Long Blades
 + Level 2.4 Throwing
 + Level 4.2 Armour
 + Level 4.6 Dodging


You had 6 spell levels left.
You didn't know any spells.
Your spell library contained the following spells:

 Spells                   Type           Power      Damage    Failure   Level
 Slow                     Hex            0%         N/A       83%         1
 Confusing Touch          Hex            0%         N/A       99%         3
 Vampiric Draining        Necr           0%         2d6       99%         3


Dungeon Overview and Level Annotations

Branches:
Dungeon (4/15)
 Temple: D:4-7

Altars:


Innate Abilities, Weirdness & Mutations

You have a pair of horns on your head.
You reflexively headbutt those who attack you in melee.


Message History

You hit the ogre.
You headbutt the ogre, but do no damage.
The ogre is lightly wounded.
The ogre barely misses you.
You hit the ogre. You headbutt the ogre.
The ogre is moderately wounded.
The ball python bites you but does no damage.
The ball python grabs you. The ball python constricts you.
An iguana comes into view.
The ogre hits you with a +0 giant spiked club!!
Ouch! That really hurt!
The iguana hisses angrily.
You escape the ball python's grasp.
The ball python attacks as you move away!
The ball python closely misses you. x2
The ball python bites you but does no damage.
The ball python barely misses you.
The ball python attacks as you move away!
The ball python barely misses you.
The ball python attacks as you move away!
The ball python bites you. The ball python barely misses you.
You hit the ogre but do no damage.
The ogre is moderately wounded.
The ball python completely misses you. You furiously retaliate!
You headbutt the ball python!
You kill the ball python!
The ogre hits you with a +0 giant spiked club.
You hit the ogre.
The ogre is moderately wounded.
The ogre hits you with a +0 giant spiked club.
You hit the ogre.
The ogre is heavily wounded.
You hit the ogre.
The ogre is severely wounded.
The ogre hits you with a +0 giant spiked club.
* * * LOW HITPOINT WARNING * * *
You slash the ogre! Your headbutt misses the ogre.
The ogre is almost dead.
The ogre hits you with a +0 giant spiked club!!
You die...

#.# .. ... ####.### #l
..# #..†...# #.##.?##
#.##.#.# #......# #
#...# #.....># ###.#
#......# #.####.####
####...>.#
#........)#####........#
###.##.##.##.@Ol...#####
# #.##.##†##.##.#
#.......##.##.#
####.#.....##.#
#.##.#####.# ..##.# #.#
#####.. .# ####


You could see an ogre and an iguana.

Vanquished Creatures
  Grinder (D:3)
  Sigmund (D:3)
  A phantom (D:3)
  2 hounds (D:4)
  An orc priest (D:3)
  2 orc wizards (D:3)
  6 adders
  12 orcs (D:3)
  3 bats
  7 endoplasms
  2 giant cockroaches (D:2)
  4 goblins
  2 hobgoblins
  7 jackals
  3 kobolds
  A quokka (D:2)
  7 ball pythons
  4 frilled lizards
  5 rats
71 creatures vanquished.

Notes
Turn   | Place    | Note
-------+----------+-------------------------------------------
     0 | D:1      | CraigForest the Minotaur Gladiator began the quest for the
                  | Orb.
     0 | D:1      | Reached XP level 1. HP: 18/18 MP: 0/0
   330 | D:1      | Reached skill level 4 in Long Blades
   330 | D:1      | Reached XP level 2. HP: 23/25 MP: 1/1
  1089 | D:2      | Reached skill level 1 in Armour
  1089 | D:2      | Reached XP level 3. HP: 22/30 MP: 2/2
  1266 | D:2      | Reached XP level 4. HP: 23/38 MP: 3/3
  1894 | D:3      | Reached skill level 5 in Long Blades
  1903 | D:3      | Reached XP level 5. HP: 7/45 MP: 4/4
  2085 | D:3      | Noticed a phantom
  2089 | D:3      | Killed a phantom
  2108 | D:3      | Noticed Grinder
  2117 | D:3      | Paralysed by Grinder for 5 turns
  2127 | D:3      | Killed Grinder
  2128 | D:3      | Reached skill level 6 in Long Blades
  2128 | D:3      | Reached XP level 6. HP: 35/52 MP: 5/5
  2214 | D:3      | Found a faded altar of an unknown god.
  2399 | D:3      | Noticed Sigmund
  2414 | D:3      | Killed Sigmund
  2415 | D:3      | Reached skill level 7 in Long Blades
  2415 | D:3      | Reached XP level 7. HP: 48/60 MP: 6/6
  2678 | D:4      | Mangled by an ogre

Illustrated notes

Levels and vault maps discovered:
D:1:      lemuel_arrival_room, layout_loops_corners, serial_bayou_crossing
D:2:      layout_rooms
D:3:      layout_loops_cross, shapermc_ecumenical_altar_venn,
          serial_park_tiny_2, uniq_sigmund, uniq_grinder
D:4:      layout_loops_cross, nicolae_overflows_in_rows, tso_metal_star,
          uniq_edmund

Skill      XL: |  1  2  3  4  5  6 |
---------------+-------------------+-----
Long Blades    | 4 5 6 7 |  7.3
Armour         | 1 2 3 4 |  4.2
Fighting       | 3 4 |  4.6
Dodging        | 4 |  4.6
Throwing       | |  2.4

Action                     |  1- 3 |  4- 6 |  7- 9 || total
---------------------------+-------+-------+-------++-------
  Melee: Long sword        |    67 |   118 |    18 ||   203
         Headbutt          |     9 |    17 |     5 ||    31
         Punch             |       |     2 |       ||     2
 Armour: Leather armour    |     5 |       |       ||     5
         Scale mail        |    29 |    41 |     7 ||    77
  Dodge: Dodged            |    45 |    63 |    12 ||   120

Table legend: (Time is in decaauts)
 A = Elapsed time spent in this place.
 B = Non-inter-level travel time spent in this place.
 C = Inter-level travel time spent in this place.
 D = Time resting spent in this place.
 E = Time spent auto-exploring this place.
 F = Levels seen in this place.
 G = Mean time per level.
                   A        B        C        D        E       F      G
               +--------+--------+--------+--------+--------+-----+--------+
         Total |   2715 |   2660 |     55 |    123 |   2008 |   4 |  678.8 |
       Dungeon |   2715 |   2660 |     55 |    123 |   2008 |   4 |  678.8 |
               +--------+--------+--------+--------+--------+-----+--------+

Top non-repeatable levels by time:
     D:3: 1029 daAuts
     D:1: 1003 daAuts
     D:2: 576 daAuts
     D:4: 106 daAuts
